 Dungeon Crawl Stone Soup version 0.21.1-1-g345015f (webtiles) character file.

385 LostNumber the Skirmisher (level 6, -1/48 HPs)
             Began as a Demonspawn Fighter on May 21, 2018.
             Slain by a centaur (5 damage)
             ... on level 5 of the Dungeon.
             The game lasted 00:03:11 (2366 turns).

LostNumber the Skirmisher (Demonspawn Fighter)      Turns: 2366, Time: 00:03:12

Health: -1/48      AC:  7    Str: 16 (17) XL:     6   Next: 48%
Magic:  6/6        EV:  7    Int: 10 (11) God:
Gold:   152        SH:  8    Dex:  9 (12) Spells: 5/5 levels left

rFire    + . .     SeeInvis .   t - +1 whip (venom)
rCold    . . .     Gourm    .   c - +0 shield
rNeg     . . .     Faith    .   b - +0 scale mail
rPois    .         Spirit   .   (no helmet)
rElec    .         Reflect  .   (no cloak)
rCorr    .         Harm     .   (no gloves)
MR       .....                  (no boots)
Stlth    ..........             (no amulet)
HPRegen  0.16/turn              (no ring)
MPRegen  0.10/turn              (no ring)

@: invisible
A: talons 1, fire resistance 1
a: no special abilities


You were on level 5 of the Dungeon.
You were not hungry.

You visited 1 branch of the dungeon, and saw 4 of its levels.

You collected 152 gold pieces.

Inventory:

Hand Weapons
 a - a +0 flail
 h - a +0 club
 t - a +1 whip of venom (weapon)
Armour
 b - a +0 scale mail (worn)
 c - a +0 shield (worn)
Wands
 p - a wand of flame (19)
 s - a wand of paralysis (10)
Scrolls
 d - a scroll of identify {unknown}
 e - 2 scrolls of blinking {unknown}
 i - 4 scrolls of teleportation {unknown}
 j - 4 scrolls of remove curse {unknown}
 m - a scroll of immolation {unknown}
 n - a scroll of magic mapping {unknown}
 v - a scroll of noise {unknown}
Potions
 k - a potion of flight {unknown}
 l - a potion of curing {unknown}
 o - a potion of might
 q - a potion of lignification {unknown}
 r - a potion of ambrosia {unknown}
 u - a potion of degeneration
 w - a potion of agility {unknown}
Comestibles
 f - 10 rations
 x - a chunk of flesh


   Skills:
 + Level 4.2 Fighting
 * Level 4.2 Maces & Flails
 + Level 3.8 Armour
 + Level 3.8 Shields


You had 5 spell levels left.
You didn't know any spells.

Dungeon Overview and Level Annotations

Branches:
Dungeon (3/15)

Altars:
Dithmenos
Fedhas
Gozag
Hepliaklqana
Kikubaaqudgha
Yredelemnul


Innate Abilities, Weirdness & Mutations

You have sharp toenails.
Your flesh is heat resistant. (rF+)


Message History

* * * LOW HITPOINT WARNING * * *
The adder bites you.
* * * LOW HITPOINT WARNING * * *
It was a potion of degeneration.
There was something very wrong with that liquid.
You feel weakened.
You feel dopey.
You feel clumsy. You block the centaur's attack. You block the adder's attack.
The shadow imp gestures at you.
You barely resist. You hit the centaur.
The centaur looks even sicker.
Your kick misses the centaur.
The centaur is moderately wounded.
You kill the adder!
The centaur hits you but does no damage.
You block the centaur's attack.
The shadow imp hits you but does no damage.
It was a potion of invisibility.
You fade into invisibility!
The centaur hits you.
You die...

.........#
.........#
...?.....#####
.......?.....#
#...........#
#...........#
.#....c._....##
......5@8_.....
#......._....##
#..............
#..#.##........
.. #. #......##
# # #......#
##.##### .# .#


You could see a centaur and a shadow imp.

Vanquished Creatures
  Sigmund (D:2)
  An ogre (D:3)
  The ghost of dscm the Grave Robber, a weakling DsNe (D:3)
  An orc priest (D:3)
  2 adders
  A worm (D:2)
  A dart slug (D:2)
  4 leopard geckos
  4 orcs (D:3)
  A giant cockroach (D:1)
  11 goblins
  4 hobgoblins (D:1)
  3 jackals (D:1)
  2 quokkas
  6 bats
  2 frilled lizards
  4 kobolds
  6 rats
  A toadstool (D:1)
56 creatures vanquished.

Vanquished Creatures (others)
  3 toadstools (D:1)
3 creatures vanquished.

Grand Total: 59 creatures vanquished

Notes
Turn   | Place    | Note
-------+----------+-------------------------------------------
     0 | D:1      | LostNumber the Demonspawn Fighter began the quest for the Orb.
     0 | D:1      | Reached XP level 1. HP: 18/18 MP: 1/1
   301 | D:1      | Gained mutation: Your flesh is heat resistant. (rF+) [demonic ancestry]
   301 | D:1      | Reached XP level 2. HP: 24/24 MP: 2/2
   914 | D:2      | Found a basalt altar of Yredelemnul.
   924 | D:2      | Reached XP level 3. HP: 29/29 MP: 3/3
   973 | D:2      | Noticed Sigmund
   986 | D:2      | Killed Sigmund
   986 | D:2      | Reached XP level 4. HP: 30/37 MP: 4/4
   986 | D:2      | Gained mutation: You have sharp toenails. [demonic ancestry]
   986 | D:2      | Reached XP level 5. HP: 34/42 MP: 5/5
  1304 | D:2      | Found a faded altar of an unknown god.
  1751 | D:3      | Noticed dscm's ghost (weakling DsNe)
  1770 | D:3      | Killed dscm's ghost
  1864 | D:3      | Reached XP level 6. HP: 37/48 MP: 6/6
  2173 | D:3      | Found a blossoming altar of Fedhas.
  2349 | D:3      | You fall through a shaft for 2 floors!
  2349 | D:5      | Entered Level 5 of the Dungeon
  2349 | D:5      | Found an opulent altar of Gozag.
  2349 | D:5      | Found an ancient bone altar of Kikubaaqudgha.
  2349 | D:5      | Found a hazy altar of Hepliaklqana.
  2349 | D:5      | Found a shadowy altar of Dithmenos.
  2366 | D:5      | Slain by a centaur

Skill      XL: |  1  2  3  4  5  6 |
---------------+-------------------+-----
Maces & Flails | 2 3 4 |  4.2
Armour         | 3 |  3.8
Shields        | 3 |  3.8
Fighting       | 4 |  4.2

Action                   |  1- 3 |  4- 6 || total
-------------------------+-------+-------++-------
Melee: Club              |   102 |    46 ||   148
       Flail             |    11 |       ||    11
       Kick              |       |    29 ||    29
       Whip              |       |    56 ||    56
  Use: Potion            |     1 |     2 ||     3
  Eat: Chunk             |       |     5 ||     5
Armor: Scale mail        |    49 |    29 ||    78
Dodge: Dodged            |    40 |    25 ||    65
Block: Shield            |    57 |    46 ||   103
